 Dungeon Crawl Stone Soup version 0.29-a0-878-g7b45a56547 (webtiles) character file.

Game seed: 13021511209510342966

0 buhh the Shield-Bearer (level 1, -4/19 HPs)
             Began as a Meteoran Fighter on July 20, 2022.
             Slain by a worm (7 damage)
             ... on level 2 of the Dungeon.
             The game lasted 00:00:16 (70 turns).

buhh the Shield-Bearer (Meteoran Fighter)             Turns: 70, Time: 00:00:17

Health: -4/19      AC:  6    Str: 17    XL:     1   Next: 14%
Magic:  2/2        EV:  9    Int:  9    God:
Gold:   32         SH:  5    Dex: 13    Spells: 0/0 levels left

rFire   . . .      SeeInvis .   a - +0 flail
rCold   . . .      Faith    .   c - +0 buckler
rNeg    . . .      Spirit   .   b - +0 scale mail
rPois   .          Reflect  .   (no helmet)
rElec   .          Harm     .   (no cloak)
rCorr   .          Rampage  .   (no gloves)
Will    .....                   (no boots)
Stlth   ..........              (no amulet)
HPRegen 0.06/turn               (no ring)
MPRegen 0.08/turn               (no ring)

@: glowing
A: sense surroundings 1, otherworldly, glowing, explore regen
a: no special abilities


You were on level 2 of the Dungeon.
You visited 1 branch of the dungeon, and saw 2 of its levels.

You collected 32 gold pieces.

Inventory:

Hand Weapons
 a - a +0 flail (weapon)
Armour
 b - a +0 scale mail (worn)
 c - a +0 buckler (worn)
Potions
 d - a potion of attraction {unknown}
 m - a potion of might


   Skills:
 - Level 3.2 Fighting
 + Level 2.8 Maces & Flails
 - Level 3.6 Armour
 - Level 3.6 Shields


You couldn't memorise any spells.
You didn't know any spells.
Your spell library was empty.

Dungeon Overview and Level Annotations

Branches:
Dungeon (2/15) Zot: 1126

Altars:

Shops:
D:1 (


Innate Abilities, Weirdness & Mutations

You passively map a small area around you.
You are easily found by Zot.
You glow in the dark.
You regain HP and MP as you explore.


Message History

You barely miss the bat. The bat hits you but does no damage.
You block the bat's attack. The bat barely misses you.
You closely miss the bat. You block the bat's attack.
You hit the bat.
You kill the bat!
No target in view!
No target in view!
An endoplasm comes into view.
The endoplasm quivers.
An endoplasm is nearby!
An endoplasm is nearby!
Found Xawi's Antique Weapon Shoppe.
A sourceless malevolence fills the Dungeon...
You fall into a shaft and drop 1 floor!
The shaft crumbles and collapses.
Found a quarterstaff.
Found a stone staircase leading down.
No target in view!
No target in view!
You open the door.
There is an open door here.
A worm comes into view.
A worm is nearby!
A worm is nearby!
You barely miss the worm. The worm bites you.
You hit the worm but do no damage. The worm bites you.
You hit the worm.
The worm is lightly wounded.
You hit the worm but do no damage.
The worm is lightly wounded.
The worm bites you.
You completely miss the worm.
The worm is lightly wounded.
The worm bites you!
* * * LOW HITPOINT WARNING * * *
You are too injured to fight recklessly!
You are too injured to fight recklessly!
You sock the worm!
The worm is heavily wounded.
The worm bites you!
You die...

#............##
#......>.......
*
#...#........#*
#...+........#
#...#.......##
##'##.......#
#.##.......#
#.##########
#...@w....#
####......#
#......#
###.#### * * .#
* , .# * * * *
# ,* ,, , ,


You could see a worm.

Vanquished Creatures
  A bat (D:1)
1 creature vanquished.

Notes
Turn   | Place    | Note
-------+----------+-------------------------------------------
     0 | D:1      | buhh the Meteoran Fighter began the quest for the Orb.
     0 | D:1      | Reached XP level 1. HP: 19/19 MP: 2/2
    51 | D:1      | Found Xawi's Antique Weapon Shoppe.
    51 | D:1      | You fall into a shaft and drop 1 floor!
    70 | D:2      | Slain by a worm

Illustrated notes

Levels and vault maps discovered:
D:1:      lightli_iron_boxes, layout_basic, serial_shops, shop,
          dreamdust_ecumenical_altar_statues
D:2:      layout_basic, grunt_ministairs_3, uniq_sigmund

Action                   || total
-------------------------++-------
Melee: Flail             ||    10
Armor: Scale mail        ||     2
Dodge: Dodged            ||     1
Block: Buckler           ||     2

Table legend: (Time is in decaauts)
 A = Elapsed time spent in this place.
 B = Non-inter-level travel time spent in this place.
 C = Inter-level travel time spent in this place.
 D = Time resting spent in this place.
 E = Time spent auto-exploring this place.
 F = Levels seen in this place.
 G = Mean time per level.
                   A        B        C        D        E       F      G
               +--------+--------+--------+--------+--------+-----+--------+
         Total |     72 |     72 |      0 |      0 |     38 |   2 |   36.0 |
       Dungeon |     72 |     72 |      0 |      0 |     38 |   2 |   36.0 |
               +--------+--------+--------+--------+--------+-----+--------+

Top non-repeatable levels by time:
     D:1: 52 daAuts
     D:2: 20 daAuts
